 Dungeon Crawl Stone Soup version 0.20.1-1-g8b1a95d66d (webtiles) character file.

263 NullDivider the Sneak (level 6, -1/39 HPs)
             Began as an Octopode Artificer on Nov 24, 2017.
             Was a Follower of Nemelex Xobeh.
             Slain by a hound skeleton (3 damage)
             ... on level 4 of the Dungeon.
             The game lasted 00:15:10 (3084 turns).

NullDivider the Sneak (Octopode Artificer)          Turns: 3084, Time: 00:15:11

Health: -1/39      AC:  1    Str: 12    XL:     6   Next: 19%
Magic:  9/9        EV: 14    Int: 13    God:    Nemelex Xobeh [*.....]
Gold:   187        SH:  0    Dex: 14    Spells: 5/5 levels left

rFire    . . .     SeeInvis .   y - +0 dagger (venom)
rCold    . . .     Gourm    .   (no shield)
rNeg     + . .     Faith    .   (helmet restricted)
rPois    .         Spirit   .   (no amulet)
rElec    .         Reflect  .   j - ring of positive energy
rCorr    .         Harm     .   C - ring of wizardry
MR       .....                  (no ring)
Stlth    ++++......             (no ring)
Regen    0.2/turn               (no ring)
MPRegen  0.2/turn               (no ring)
                                (no ring)
                                (no ring)

@: no status effects
A: almost no armour, stealthy swim, amphibious, 8 rings, constrict 8, camouflage
1, gelatinous body 1
a: Renounce Religion


You were on level 4 of the Dungeon.
You worshipped Nemelex Xobeh.
Nemelex Xobeh was aware of your devotion.
You were not hungry.

You visited 1 branch of the dungeon, and saw 4 of its levels.

You collected 187 gold pieces.

Inventory:

Hand Weapons
 e - a +2 dagger of holy wrath
 y - a +0 dagger of venom (weapon)
 G - a +4 short sword
Jewellery
 j - a ring of positive energy (left tentacle)
 C - a ring of wizardry (right tentacle)
Wands
 b - a wand of flame (15/48)
 c - a wand of enslavement (14/24)
 d - a wand of random effects (15/48)
 D - a wand of random effects (25/48)
 E - a wand of polymorph (14/24)
Scrolls
 k - 2 scrolls of blinking {unknown}
 l - 3 scrolls of teleportation
 m - 3 scrolls of remove curse
 q - a scroll of magic mapping {unknown}
 r - 3 scrolls of identify {unknown}
 u - 2 scrolls of fear {unknown}
 w - a scroll of immolation {unknown}
 x - a scroll of enchant armour {unknown}
 F - a scroll of recharging {unknown}
Potions
 a - 2 potions of brilliance {unknown}
 h - a potion of lignification {unknown}
 i - a potion of curing {unknown}
 p - a potion of berserk rage {unknown}
 s - a potion of mutation {unknown}
 t - 3 potions of heal wounds {unknown}
 v - 2 potions of flight {unknown}
Miscellaneous
 z - a plain deck of destruction
 B - a plain deck of summoning
Comestibles
 f - 4 bread rations
 g - 2 meat rations
 n - 2 royal jellies
 o - 7 fruits
 A - 2 chunks of flesh


   Skills:
 + Level 1.8 Fighting
 + Level 2.5 Short Blades
 + Level 3.3 Dodging
 + Level 5.3 Stealth
 + Level 0.9 Invocations
 + Level 4.0 Evocations


You had 5 spell levels left.
You didn't know any spells.

Dungeon Overview and Level Annotations

Branches:
Dungeon (4/15)
 Temple: D:4-7

Altars:
Makhleb
Nemelex Xobeh


Innate Abilities, Weirdness & Mutations

You cannot wear most types of armour.
You are very stealthy in the water. (Stealth+)
You are amphibious.
You can wear up to eight rings at the same time.
You can use your tentacles to constrict eight enemies at once.
Your skin changes colour to match your surroundings (Stealth+).
Your rubbery body absorbs attacks. (AC +1, EV +1)


Message History

Found 19 stones.
A hound skeleton comes into view.
The hound skeleton bites you. The hound skeleton barely misses you.
The hound skeleton bites you. The ogre hits you with a giant club!!
Ouch! That really hurt!
* * * LOW HITPOINT WARNING * * *
Evoke which item? (* to show all) (? for menu, Esc to quit)
That's the wrong kind of item! (Use * to select it.) Evoke which item? (* to show all) (? for menu, Esc to quit)
You don't have any such object.
Evoke which item? (* to show all) (? for menu, Esc to quit)
Aiming: Enslavement
Press: ? - help, Shift-Dir - straight line, f - ogre
Aim: an ogre, wielding a giant club (chance to defeat MR: 58%)
The ogre resists with significant effort.
This wand has 14 charges left.
The hound skeleton bites you.
You die...
Your body disappears without a glow.

...##########..###.#######.#
...................)........
..###########...##.#######.#
..# #.#.##.......... ..#
#.#..#..######.# ..#
#.##[#..# #.# #.......#
#.##############....#
#............)..@(..#
###....#########OZ..#
#....#########....#
#....#..........>.#
#....#............#
#....#...(........###
#....#...............
######...........####
#...........+


You could see an ogre and a hound skeleton.

Vanquished Creatures
  A hound (D:4)
  A bullfrog skeleton (D:4)
  2 orc wizards
  A gnoll (D:1)
  5 adders
  A worm (D:3)
  5 dart slugs (D:1)
  A leopard gecko (D:1)
  11 orcs
  3 giant cockroaches
  8 goblins
  7 hobgoblins
  5 jackals
  4 kobolds
  3 ball pythons
  9 bats
  2 frilled lizards
  9 rats
78 creatures vanquished.

Notes
Turn   | Place    | Note
-------+----------+-------------------------------------------
     0 | D:1      | NullDivider the Octopode Artificer began the quest for the Orb.
     0 | D:1      | Reached XP level 1. HP: 13/13 MP: 3/3
   179 | D:1      | Reached skill level 2 in Stealth
   179 | D:1      | Reached XP level 2. HP: 18/18 MP: 4/4
   558 | D:1      | Reached XP level 3. HP: 15/23 MP: 5/5
  1065 | D:1      | Reached skill level 3 in Stealth
  1452 | D:2      | Reached XP level 4. HP: 28/28 MP: 6/6
  1730 | D:2      | Reached skill level 4 in Stealth
  2082 | D:3      | Reached XP level 5. HP: 30/33 MP: 7/7
  2276 | D:3      | Found a sparkling altar of Nemelex Xobeh.
  2285 | D:3      | Became a worshipper of Nemelex Xobeh the Trickster
  2371 | D:3      | Reached skill level 5 in Stealth
  2530 | D:3      | Received a gift from Nemelex Xobeh
  2596 | D:3      | Found a burning altar of Makhleb.
  2753 | D:3      | Received a gift from Nemelex Xobeh
  2877 | D:4      | Reached XP level 6. HP: 33/38 MP: 7/9
  2909 | D:4      | Reached * piety under Nemelex Xobeh
  3083 | D:4      | HP: 1/39 [ogre/giant club (33)]
  3084 | D:4      | Slain by a hound skeleton

Skill      XL: |  1  2  3  4  5 |
---------------+----------------+-----
Stealth        | 2 3 4 5 |  5.3
Short Blades   | 2 |  2.5
Dodging        | 3 |  3.3
Evocations     | 4 |  4.0
Fighting       | |  1.8
Invocations    | |  0.9

Action                   |  1- 3 |  4- 6 || total
-------------------------+-------+-------++-------
Melee: Short sword       |     6 |       ||     6
       Dagger            |    78 |    91 ||   169
       Constrict         |    18 |    31 ||    49
       Tentacles         |    11 |    24 ||    35
Evoke: Wand              |       |     1 ||     1
  Use: Scroll            |       |     2 ||     2
 Stab: Sleeping          |     8 |    11 ||    19
  Eat: Chunk             |     2 |     5 ||     7
Armor: Skin              |     9 |     6 ||    15
Dodge: Dodged            |    44 |    66 ||   110
